 Dungeon Crawl Stone Soup version 0.30.1-9-gdf580d7c3d (webtiles) character file.

Game seed: 6109884670325318955

13 Ivernyr the Shield-Bearer (level 2, 0/24 HPs)
             Began as a Formicid Fighter on Oct 9, 2023.
             Succumbed to a kobold's poison
             ... on level 1 of the Dungeon.
             The game lasted 00:00:27 (176 turns).

Ivernyr the Shield-Bearer (Formicid Fighter)         Turns: 176, Time: 00:00:28

Health: 0/24       AC:  6    Str: 20    XL:     2   Next: 50%
Magic:  2/2        EV:  9    Int:  7    God:
Gold:   36         SH:  5    Dex: 13    Spells: 1/1 levels left

rFire   . . .        a - +0 war axe
rCold   . . .        c - +0 buckler
rNeg    . . .        b - +0 scale mail
rPois   .            (helmet unavailable)
rElec   .            (no cloak)
rCorr   .            (no gloves)
SInv    +            (no boots)
Will    .....        (no amulet) Stlth
                     (no ring)
HPRegen 0.24/turn    (no ring)
MPRegen 0.08/turn

%: no passive effects
@: lethally poisoned (0 -> -5), attractive
A: permanent stasis, dig shafts and tunnels, antennae 3, four strong arms
a: Dig, Shaft Self


You were on level 1 of the Dungeon.
You visited 1 branch of the dungeon, and saw 1 of its levels.

You collected 36 gold pieces.

Inventory:

Hand Weapons
 a - a +0 war axe (weapon)
Armour
 b - a +0 scale mail (worn)
 c - a +0 buckler (worn)
Potions
 d - a potion of might


   Skills:
 + Level 3.4 Fighting
 * Level 2.4 Axes
 + Level 3.4 Armour
 + Level 4.2 Shields


You had one spell level left.
You didn't know any spells.
Your spell library was empty.

Dungeon Overview and Level Annotations

Branches:
Dungeon (1/15)

Altars:


Innate Abilities, Weirdness & Mutations

You cannot be hasted, slowed, berserked, paralysed or teleported.
You can dig through walls and to a lower floor.
You have a pair of large antennae on your head. (SInv)
Your four strong arms can wield two-handed weapons with a shield.


Message History

You kill the bat!
The hobgoblin misses you.
The kobold throws a stone.
The stone hits you but does no damage.
Unknown command.
You barely miss the hobgoblin.
The hobgoblin hits you but does no damage.
The hobgoblin hits you.
You hit the hobgoblin.
The hobgoblin is severely wounded.
The hobgoblin hits you but does no damage.
You hit the hobgoblin.
You kill the hobgoblin!
The kobold barely misses you.
You barely miss the kobold.
The kobold hits you with a +2 dagger of venom.
You are poisoned.
You closely miss the kobold. You hit the dart slug.
You feel very sick. The kobold hits you but does no damage.
You are lethally poisoned!
You block the kobold's attack. You block the dart slug's attack.
You hit the kobold.
You kill the kobold!
You hit the dart slug but do no damage.
* * * LOW HITPOINT WARNING * * *
You feel very sick. The dart slug launches a dart at you.
The slug dart hits you but does no damage.
You slash the dart slug!
The dart slug is almost dead.
* * * LOW HITPOINT WARNING * * *
You feel very sick. You block the dart slug's attack.
You slash the dart slug!
You kill the dart slug!
* * * LOW HITPOINT WARNING * * *
You feel sick.
It was a potion of attraction.
You feel attractive to monsters.
You die...

. #######..##.... ..
###.....### ### #.
#...#...... ...##.
##.#...##### ......#
#...>.##
....$..######.#..#######
........................
.....#)†..###.#.########
......)@#........# ##
......†##.##.....# ####.
........).##...#.###....
.......####....###...###
....... #....# #......
....... ##...# ####...
....... #.#..# ####
....... #.#..####### #
##....##...# #


There were no monsters in sight!

Vanquished Creatures
  A dart slug (D:1)
  2 bats (D:1)
  An endoplasm (D:1)
  A hobgoblin (D:1)
  2 jackals (D:1)
  A frilled lizard (D:1)
  2 kobolds (D:1)
  A rat (D:1)
11 creatures vanquished.

Notes
Turn   | Place    | Note
-------+----------+-------------------------------------------
     0 | D:1      | Ivernyr the Formicid Fighter began the quest for the Orb.
     0 | D:1      | Reached XP level 1. HP: 18/18 MP: 1/1
   166 | D:1      | Reached XP level 2. HP: 12/24 MP: 2/2
   175 | D:1      | HP: 1/24 [poisoned by a kobold]
   176 | D:1      | Succumbed to a kobold's poison

Illustrated notes

Levels and vault maps discovered:
D:1:      minmay_arrival_jagged, layout_rooms

Action                     || total
---------------------------++-------
  Melee: War axe           ||    22
    Use: Potion            ||     1
 Armour: Scale mail        ||    14
  Dodge: Dodged            ||    20
  Block: Buckler           ||     8
